 Dungeon Crawl Stone Soup version 0.29-a0-997-gf6f7e2dfe7 (webtiles) character file.

Game seed: 15076444007749673262

151 Sobieck the Insei (level 5, -13/34 HPs)
             Began as an Octopode Transmuter on Aug 4, 2022.
             Was a Follower of Cheibriados.
             Mangled by an ogre
             ... wielding a +0 giant spiked club
              (17 damage)
             ... on level 4 of the Dungeon.
             The game lasted 00:06:17 (4125 turns).

Sobieck the Insei (Octopode Transmuter)             Turns: 4125, Time: 00:06:17

Health: -13/34     AC:  1    Str: 13    XL:     5   Next: 33%
Magic:  7/8        EV: 13    Int: 20    God:    Cheibriados [*.....]
Gold:   117        SH:  0    Dex: 15    Spells: 8/9 levels left

rFire   . . .      SeeInvis .     - Unarmed
rCold   . . .      Faith    .   (no shield)
rNeg    . . .      Spirit   .   (helmet currently unavailable)
rPois   .          Reflect  .   i - amulet of the acrobat
rElec   .          Harm     .   (no ring)
rCorr   .          Rampage  .   (no ring)
Will    .....                   (no ring)
Stlth   +++.......              (no ring)
HPRegen 0.11/turn               (no ring)
MPRegen 0.11/turn               (no ring)
                                (no ring)
                                (no ring)

@: appendages, very slow
A: tentacle spike 3, almost no armour, amphibious, 8 rings, camouflage 1,
gelatinous body 1, (nimble swimmer 1), tentacles
a: End Transformation, Renounce Religion, Bend Time


You were on level 4 of the Dungeon.
You worshipped Cheibriados.
Cheibriados was aware of your devotion.
One of your tentacles had grown a beastly spike.
You visited 1 branch of the dungeon, and saw 4 of its levels.

You collected 117 gold pieces.


Innate Abilities, Weirdness & Mutations

One of your tentacles has grown a beastly spike.
You cannot wear most types of armour.
You are amphibious.
You can wear up to eight rings at the same time.
Your skin changes colour to match your surroundings (Stealth+).
Your rubbery body absorbs attacks. (AC +1, EV +1)
((You are camouflaged when in or above water. (Stealth+)))
You have tentacles for arms and can constrict up to eight enemies at once.


   Skills:
 + Level 1.9 Fighting
 + Level 2.6 Dodging
 + Level 2.4 Stealth
 * Level 4.0 Unarmed Combat
 + Level 2.6 Spellcasting
 + Level 2.6 Transmutations


You had 8 spell levels left.
You knew the following spells:

 Your Spells              Type           Power      Damage    Failure   Level
a - Beastly Appendage     Tmut           26%        N/A       4%          1

Your spell library contained the following spells:

 Spells                   Type           Power      Damage    Failure   Level
 Wereblood                Tmut           13%        N/A       8%          2
 Passwall                 Tmut/Erth      5%         N/A       13%         2
 Ensorcelled Hibernation  Hex/Ice        4%         N/A       22%         2
 Spider Form              Tmut/Pois      7%         N/A       26%         3
 Swiftness                Air            2%         N/A       41%         3
 Ice Form                 Ice/Tmut       7%         N/A       65%         4
 Flame Wave               Conj/Fire      2%         2d4       83%         4

Inventory:

Missiles
 e - 2 throwing nets (quivered) {=f!fthrowing}
 f - 28 stones {throwing}
 g - 4 boomerangs {throwing}
Jewellery
 i - an amulet of the acrobat (around mantle)
   (You found it on level 2 of the Dungeon)
Wands
 c - a wand of flame (13)
   (You took it off Ijyb on level 3 of the Dungeon)
Scrolls
 n - a scroll of amnesia {unknown}
Potions
 a - 2 potions of lignification {!q}
 b - 2 potions of degeneration {!q@e2}
 d - a potion of berserk rage {!q}
 h - a potion of heal wounds {@q2}
 j - a potion of invisibility {unknown}
 k - a potion of haste {unknown}
 l - a potion of magic {unknown}
 m - 2 potions of curing {unknown}
 p - a potion of attraction {unknown}

Dungeon Overview and Level Annotations

Branches:
Dungeon (4/15) Zot: 30573
 Temple: D:4-7

Altars:
Cheibriados

Annotations:
D:3 exclusion: ogre

#..(.#
#..(.#
###>.(.####
#.....(...
#.....(..
.....<.
#..O# #..@#
#..[# #####


You could see an ogre (very poisoned).


Message History

Found a stone staircase leading up.
Unknown command.
You now have 117 gold pieces (gained 12).
There is a stone staircase leading up here.
You open the door.
There is an open door here.
As you open the door, it creaks loudly!
Unknown command.
There is an open door here.
You open the door.
There is an open door here.
As you open the door, it creaks loudly!
A worm comes into view.
Danger!
You tentacle-slap the worm but do no damage.
You grab the worm. You constrict the worm. You tentacle-slap the worm.
You constrict the worm. The worm bites you!
You tentacle-slap the worm. You constrict the worm. You tentacle-slap the worm.
You kill the worm!
No target in view!
There is an open door here.
You see here a worm corpse.
You open the door.
An adder comes into view.
Danger!
The adder hisses angrily.
There is an open door here.
The adder completely misses you.
You miss the adder. You grab the adder. You constrict the adder.
The adder bites you.
You tentacle-slap the adder. You constrict the adder.
The adder closely misses you.
You tentacle-slap the adder.
You kill the adder!
Cheibriados thoroughly appreciates the change of pace.
No target in view!
Unknown command.
There is an open door here.
There is an open door here.
You see here a worm corpse.
There is an open door here.
m - 2 lumpy puce potions (gained 1) Partly explored, can't reach some places.
Unknown command.
Unknown command.
There is a stone staircase leading down here.
You climb downwards.
The ogre shouts!
Found a plate armour.
Found an escape hatch in the floor.
Found a stone staircase leading up.
There is a stone staircase leading up here.
Danger!
Unknown command.
Unknown command.
Throw: 5 darts (poison) {throwing}
Press: ? - help, Q - select action, (/) - cycle Shift-Dir - straight line, f - ogre
Aim: an ogre, wielding a +0 giant spiked club (73% to hit)
You throw a poisoned dart {throwing}.
The poisoned dart {throwing} barely misses the ogre.
Throw: 4 darts (poison) {throwing}
Press: ? - help, Q - select action, (/) - cycle Shift-Dir - straight line, f/p - ogre
Aim: an ogre, wielding a +0 giant spiked club (73% to hit)
You throw a poisoned dart {throwing}.
The poisoned dart {throwing} hits the ogre.
The ogre is poisoned.
Throw: 3 darts (poison) {throwing}
Press: ? - help, Q - select action, (/) - cycle Shift-Dir - straight line, f/p - ogre
Aim: an ogre, wielding a +0 giant spiked club (poisoned, 73% to hit)
You throw a poisoned dart {throwing}.
The poisoned dart {throwing} hits the ogre.
The ogre looks even sicker.
Throw: 2 darts (poison) {throwing}
Press: ? - help, Q - select action, (/) - cycle Shift-Dir - straight line, f/p - ogre
Aim: an ogre, wielding a +0 giant spiked club (lightly wounded, very poisoned, 73% to hit)
You throw a poisoned dart {throwing}.
The poisoned dart {throwing} barely misses the ogre.
Throw: dart (poison) {throwing}
Press: ? - help, Q - select action, (/) - cycle Shift-Dir - straight line, f/p - ogre
Aim: an ogre, wielding a +0 giant spiked club (lightly wounded, very poisoned, 73% to hit)
You throw a poisoned dart {throwing}.
The poisoned dart {throwing} hits the ogre.
The ogre looks even sicker.
Really fire
e - 2 throwing nets {=f!fthrowing}?
Unknown command.
Unknown command.
Casting: Beastly Appendage (safe; 4% risk of failure)
Confirm with . or Enter, or press ? or * to list all spells.
One of your tentacles grows a vicious spike.
Unknown command.
You tentacle-slap the ogre. You tentacle-slap the ogre.
Your tentacle spike misses the ogre.
The ogre hits you with a +0 giant spiked club!!
Ouch! That really hurt!
* * * LOW HITPOINT WARNING * * *
You tentacle-slap the ogre but do no damage.
The ogre hits you with a +0 giant spiked club!
Ouch! That really hurt!
You die...

Skill      XL: |  1  2  3  4  5 |
---------------+----------------+-----
Stealth        | 1 2 |  2.4
Unarmed Combat | 4 |  4.0
Fighting       | |  1.9
Dodging        | |  2.6
Spellcasting   | |  2.6
Transmutations | |  2.6

Action                   |  1- 3 |  4- 6 || total
-------------------------+-------+-------++-------
Melee: Unarmed           |    66 |    64 ||   130
       Constrict         |    20 |    12 ||    32
       Kick              |     3 |     5 ||     8
       Tentacles         |    14 |    13 ||    27
       Punch             |     1 |     1 ||     2
Throw: Dart              |       |     5 ||     5
 Cast: Beastly Appendage |     3 |     2 ||     5
  Use: Scroll            |     1 |     2 ||     3
       Potion            |     1 |       ||     1
 Stab: Sleeping          |     7 |     5 ||    12
Armor: Skin              |     6 |     2 ||     8
Dodge: Dodged            |    40 |    34 ||    74

Levels and vault maps discovered:
D:1:      nagdon_arrival_zigzag_paths, layout_basic, minivault_11,
          minmay_pentomino_u4
D:2:      layout_basic, serial_corexii_hall, corexii_hall_statues_s,
          corexii_hall_statues_x, basic_altar
D:3:      layout_basic, shapermc_ecumenical_altar_starsandcircs, serial_rivers,
          chequers_serial_rivers_small_3, chequers_serial_rivers_micro_c,
          chequers_serial_rivers_large_a, chequers_serial_rivers_room_b,
          chequers_serial_rivers_micro_d, uniq_terence, uniq_ijyb
D:4:      layout_loops_ring, fedhas_altar_fruit_tree

Notes
Turn   | Place    | Note
-------+----------+-------------------------------------------
     0 | D:1      | Sobieck the Octopode Transmuter began the quest for the
                  | Orb.
     0 | D:1      | Reached XP level 1. HP: 13/13 MP: 3/3
   323 | D:1      | Reached XP level 2. HP: 18/18 MP: 5/5
   447 | D:1      | HP: 4/18 [kobold/+2 short sword of flaming (4)]
   742 | D:1      | Reached skill level 1 in Stealth
  1279 | D:1      | Got the Tome of Transmigration and Calefaction {@e2}
  1663 | D:2      | Found a snail-covered altar of Cheibriados.
  1673 | D:2      | Became a worshipper of Cheibriados the Contemplative
  1693 | D:2      | Reached XP level 3. HP: 14/23 MP: 4/6
  2425 | D:2      | You pick up a book of Burglary and begin reading...
  2425 | D:2      | You add the spells Passwall, Ensorcelled Hibernation and
                  | Swiftness to your library.
  2601 | D:2      | Reached XP level 4. HP: 21/28 MP: 7/7
  2968 | D:3      | Found a faded altar of an unknown god.
  2973 | D:3      | Reached skill level 2 in Stealth
  2979 | D:3      | Noticed Ijyb
  2995 | D:3      | Killed Ijyb
  3004 | D:3      | HP: 7/29 [bat (1)]
  3005 | D:3      | Reached * piety under Cheibriados
  3313 | D:3      | Noticed Terence
  3327 | D:3      | Killed Terence
  3328 | D:3      | Reached XP level 5. HP: 18/34 MP: 6/8
  3485 | D:3      | Noticed an ogre
  3563 | D:3      | Reached skill level 4 in Unarmed Combat
  4116 | D:4      | Noticed an ogre
  4124 | D:4      | HP: 4/34 [ogre/+0 giant spiked club (30)]
  4125 | D:4      | Mangled by an ogre

Vanquished Creatures
  Ijyb (D:3)
  Terence (D:3)
  4 adders
  2 worms
  3 dart slugs
  5 ball pythons
  3 endoplasms
  4 giant cockroaches
  5 goblins
  6 hobgoblins
  3 quokkas
  4 bats
  2 frilled lizards (D:1)
  5 kobolds
  2 rats (D:1)
50 creatures vanquished.

Table legend:
 A = Non-vault XP
 B = Vault XP
 C = Vault XP percentage of total XP
 D = Non-vault monster count
 E = Vault monster count
 F = Vault count percentage of total count
                 A         B        C        D         E       F
            +---------+---------+-------+---------+---------+-------
      Total |     137 |      79 |  36.6 |      44 |       6 |  12.0
            +---------+---------+-------+---------+---------+-------
        D:1 |      24 |       7 |  22.6 |      14 |       4 |  22.2
        D:2 |      64 |       0 |   0.0 |      13 |       0 |   0.0
        D:3 |      49 |      72 |  59.5 |      17 |       2 |  10.5
            +---------+---------+-------+---------+---------+-------

Illustrated notes

Table legend:
 A = Kills in this place as a percentage of kills in entire the game.
 B = Kills by you in this place as a percentage of kills by you in the entire game.
 C = Kills by friends in this place as a percentage of kills by friends in the entire game.
 D = Other kills in this place as a percentage of other kills in the entire game.
 E = Experience gained in this place as a percentage of experience gained in the entire game.
 F = Experience gained in this place divided by the number of levels of this place that you have seen.
                   A       B       C       D       E      F
               +-------+-------+-------+-------+-------+----------------------
         Total | 100.0 | 100.0 |   N/A |   N/A | 100.0 |  54.0
       Dungeon | 100.0 | 100.0 |   N/A |   N/A | 100.0 |  54.0
               +-------+-------+-------+-------+-------+----------------------

Table legend: (Time is in decaauts)
 A = Elapsed time spent in this place.
 B = Non-inter-level travel time spent in this place.
 C = Inter-level travel time spent in this place.
 D = Time resting spent in this place.
 E = Time spent auto-exploring this place.
 F = Levels seen in this place.
 G = Mean time per level.
                   A        B        C        D        E       F      G
               +--------+--------+--------+--------+--------+-----+--------+
         Total |   4581 |   4330 |    251 |   1275 |   2639 |   4 | 1145.2 |
       Dungeon |   4581 |   4330 |    251 |   1275 |   2639 |   4 | 1145.2 |
               +--------+--------+--------+--------+--------+-----+--------+

Top non-repeatable levels by time:
     D:2: 1567 daAuts
     D:1: 1550 daAuts
     D:3: 1454 daAuts
     D:4: 8 daAuts
